 Dungeon Crawl Stone Soup version 0.24.1 (webtiles) character file.

Game seed: 4136549617961353951, levelgen mode: deterministic

1452 Descartes the Magician (level 8, -8/41 HPs)
             Began as a Deep Elf Air Elementalist on Mar 25, 2020.
             Was an Initiate of Dithmenos.
             Mangled by Joseph
             ... wielding a +0 quarterstaff
              (11 damage)
             ... on level 7 of the Dungeon.
             The game lasted 00:19:50 (6375 turns).

Descartes the Magician (Deep Elf Air Elementalist)  Turns: 6375, Time: 00:19:50

Health: -8/41      AC:  4    Str:  6    XL:     8   Next: 47%
Magic:  6/19       EV: 15    Int: 22    God:    Dithmenos [......]
Gold:   217        SH:  0    Dex: 15    Spells: 9/19 levels left

rFire    . . .     SeeInvis +   m - staff of conjuration
rCold    . . .     Gourm    +   (no shield)
rNeg     . . .     Faith    .   a - +0 robe
rPois    .         Spirit   .   (no helmet)
rElec    .         Reflect  .   (no cloak)
rCorr    .         Harm     .   e - +0 pair of gloves
MR       .....                  g - +0 pair of boots
Stlth    +++.......             p - amulet of the gourmand
HPRegen  0.13/turn              v - ring of see invisible
MPRegen  0.16/turn              (no ring)

@: no status effects
A: no striking features
a: Renounce Religion


You were on level 7 of the Dungeon.
You worshipped Dithmenos.
Dithmenos was noncommittal.
You were full.

You visited 2 branches of the dungeon, and saw 8 of its levels.

You collected 217 gold pieces.

Inventory:

Hand Weapons
 k - a +0 long sword
Missiles
 f - 154 stones (quivered)
 i - 69 arrows
 j - 15 poisoned darts
 q - a throwing net
 t - 78 sling bullets
Armour
 a - a +0 robe (worn)
 e - a +0 pair of gloves (worn)
 g - a +0 pair of boots (worn)
Magical Staves
 m - an uncursed staff of conjuration (weapon)
Jewellery
 l - an uncursed ring of fire
 p - an amulet of the gourmand (around neck)
 v - a ring of see invisible (left hand)
Wands
 d - a wand of polymorph (6)
 o - a wand of digging (4)
 u - a wand of paralysis (7)
Scrolls
 b - a scroll of enchant weapon {unknown}
 h - a scroll of noise {unknown}
 n - 2 scrolls of amnesia
 r - 2 scrolls of remove curse
 x - a scroll of enchant armour {unknown}
Potions
 s - a potion of degeneration
 w - a potion of cancellation
 z - a potion of magic {unknown}
 A - a potion of curing
 B - a potion of might {unknown}
Comestibles
 c - 8 rations


   Skills:
 + Level 5.5 Dodging
 + Level 6.0 Stealth
 - Level 2.2 Unarmed Combat
 + Level 6.3 Spellcasting
 * Level 4.9 Conjurations
 + Level 2.0 Charms
 * Level 5.3 Air Magic
 + Level 1.2 Invocations
 - Level 1.0 Evocations


You had 9 spell levels left.
You knew the following spells:

 Your Spells              Type           Power        Failure   Level  Hunger
a - Shock                 Conj/Air       ####         1%          1    None
b - Airstrike             Air            ####......   10%         4    ###....
c - Static Discharge      Conj/Air       #####...     3%          3    #......
d - Swiftness             Chrm/Air       ###.....     3%          2    None

Your spell library contained the following spells:

 Spells                   Type           Power        Failure   Level  Hunger
 Lightning Bolt           Conj/Air       #####.....   30%         5    #####..


Dungeon Overview and Level Annotations

Branches:
Dungeon (7/15)             Temple (1/1) D:4

Altars:
Ashenzari
Cheibriados
Dithmenos
Elyvilon
Fedhas
Gozag
Hepliaklqana
Kikubaaqudgha
Makhleb
Nemelex Xobeh
Okawaru
Qazlal
Ru
Sif Muna
Trog
Vehumet
Wu Jian
Xom
Yredelemnul
Zin
The Shining One

Annotations:
D:7 Joseph


Message History

The lightning grounds out.
Joseph hits you with a +0 quarterstaff!
Casting: Static Discharge (safe; 3% risk of failure)
Confirm with . or Enter, or press ? or * to list all spells.
Aiming: Airstrike (safe; 10% risk of failure)
Press: ? - help, Dir - move target cursor, f/p - Joseph
Aim: Joseph, wielding a +0 quarterstaff and wearing a +0 leather armour (moderately wounded)
The air twists around and strikes Joseph!
Joseph is heavily wounded.
Joseph hits you with a +0 quarterstaff!
Casting: Airstrike (safe; 10% risk of failure)
Confirm with . or Enter, or press ? or * to list all spells.
Aiming: Airstrike (safe; 10% risk of failure)
Press: ? - help, Dir - move target cursor, f/p - Joseph
Aim: Joseph, wielding a +0 quarterstaff and wearing a +0 leather armour (heavily wounded)
The air twists around and strikes Joseph!
Joseph is heavily wounded.
Joseph hits you with a +0 quarterstaff!
* * * LOW HITPOINT WARNING * * *
Joseph hits you with a +0 quarterstaff!
You die...

#.## ...
..# ...
#######.##
.........
#...@.#
#@#
#.....#
#######


You could see Joseph.

Vanquished Creatures
  A wyvern (D:6)
  2 ogres
  2 centaurs
  A necrophage (D:5)
  A bullfrog (D:6)
  A scorpion (D:5)
  A howler monkey (D:4)
  A jelly (D:6)
  3 crimson imps
  A centaur skeleton (D:4)
  2 hounds
  Jessica (D:3)
  2 iguanas
  An orc wizard (D:6)
  4 worker ants
  A hound zombie (D:5)
  A worker ant zombie (D:5)
  5 gnolls (D:3)
  12 adders
  2 shadow imps
  2 oozes
  4 worms (D:2)
  3 dart slugs
  7 leopard geckos
  3 orcs
  10 bats
  3 giant cockroaches
  8 goblins
  7 hobgoblins
  12 jackals
  2 quokkas
  A ball python (D:1)
  8 frilled lizards
  8 kobolds
  A leopard gecko zombie (D:6)
  A quokka skeleton (D:4)
  15 rats
140 creatures vanquished.

Notes
Turn   | Place    | Note
-------+----------+-------------------------------------------
     0 | D:1      | Descartes the Deep Elf Air Elementalist began the quest for
                  | the Orb.
     0 | D:1      | Reached XP level 1. HP: 10/10 MP: 6/6
   325 | D:1      | Reached XP level 2. HP: 15/15 MP: 1/8
  1281 | D:2      | Reached XP level 3. HP: 19/19 MP: 4/9
  2082 | D:2      | Reached XP level 4. HP: 10/24 MP: 0/11
  2597 | D:2      | HP: 1/24 [adder (4)]
  2866 | D:3      | Noticed Jessica
  2869 | D:3      | Killed Jessica
  2975 | D:3      | Reached XP level 5. HP: 28/28 MP: 9/13
  3259 | D:3      | Found an ancient bone altar of Kikubaaqudgha.
  3291 | D:3      | Learned a level 4 spell: Airstrike
  3693 | D:4      | Reached XP level 6. HP: 32/32 MP: 7/15
  3835 | D:4      | Found a glowing silver altar of Zin.
  3848 | D:4      | Found a staircase to the Ecumenical Temple.
  3925 | D:4      | Found an ornate altar of the Wu Jian Council.
  3951 | D:4      | Reached skill level 1 in Unarmed Combat
  3951 | D:4      | Reached skill level 5 in Spellcasting
  4401 | D:4      | Reached XP level 7. HP: 18/36 MP: 6/16
  4604 | D:5      | Entered Level 5 of the Dungeon
  4661 | D:5      | Reached skill level 5 in Stealth
  4870 | D:5      | Reached skill level 5 in Dodging
  5229 | D:5      | Reached XP level 8. HP: 34/41 MP: 9/19
  5335 | D:5      | Found a burning altar of Makhleb.
  5399 | Temple   | Entered the Ecumenical Temple
  5522 | Temple   | Became a worshipper of Dithmenos the Shadowed
  5557 | D:4      | Learned a level 3 spell: Static Discharge
  5560 | D:4      | Learned a level 2 spell: Swiftness
  5620 | D:6      | Found a stormy altar of Qazlal.
  5702 | D:6      | Reached skill level 1 in Charms
  5702 | D:6      | Reached skill level 5 in Air Magic
  5889 | D:6      | Reached skill level 1 in Evocations
  5978 | D:6      | Reached skill level 1 in Invocations
  6107 | D:6      | Found a sacrificial altar of Ru.
  6368 | D:7      | Noticed Joseph
  6375 | D:7      | Mangled by Joseph

Levels and vault maps discovered:
D:1:      arrival_zaba_pyramid, layout_basic
D:2:      layout_loops_cross, first_ration
D:3:      layout_rooms, lemuel_tele_altar, uniq_jessica
D:4:      layout_rooms, lemuel_crystal_altar, lemuel_round_altar,
          minmay_temple_entry_mini_moons, minivault_23
D:5:      layout_rooms, lemuel_coloured_pillars_altar, nicolae_sextant
D:6:      layout_basic, nicolae_overflow_crystal_walls,
          nicolae_qazlal_general_emergency
D:7:      layout_basic, eat_drink_and_be_merry_uskayaw, uniq_duvessa,
          uniq_joseph
Temple:   nicolae_temple_elliptical

Skill      XL: |  1  2  3  4  5  6  7  8 |
---------------+-------------------------+-----
Stealth        | 3 4 5 6 |  6.0
Dodging        | 3 4 5 |  5.5
Conjurations   | 2 3 4 |  4.9
Spellcasting   | 4 5 6 |  6.3
Air Magic      | 4 5 |  5.3
Unarmed Combat | 1 2 |  2.2
Charms         | 2 |  2.0
Evocations     | 1 |  1.0
Invocations    | 1 |  1.2

Action                   |  1- 3 |  4- 6 |  7- 9 || total
-------------------------+-------+-------+-------++-------
Melee: Unarmed           |    18 |       |       ||    18
       Long sword        |     1 |     1 |       ||     2
 Cast: Shock             |   109 |   154 |   115 ||   378
       Airstrike         |       |       |     4 ||     4
       Static Discharge  |       |       |     1 ||     1
  Use: Potion            |       |     1 |       ||     1
       Scroll            |       |       |     4 ||     4
  Eat: Chunk             |     3 |    16 |     6 ||    25
Armor: Robe              |     3 |    13 |     3 ||    19
Dodge: Dodged            |    23 |    50 |    17 ||    90
       Rpst.: Long sword |     4 |     8 |       ||    12
